 Dungeon Crawl Stone Soup version 0.18-a0-1109-gfc003ac (webtiles) character file.

140 namelastname112 the Insei (level 5, 0/38 HPs)
             Began as a Draconian Wizard on Jan 16, 2016.
             Slain by an orc warrior
             ... wielding a +0 mace
              (13 damage)
             ... on level 3 of the Dungeon.
             The game lasted 00:05:38 (3579 turns).

namelastname112 the Insei (Draconian Wizard)        Turns: 3579, Time: 00:05:38

Health: 0/38       AC:  5    Str:  9    XL:     5   Next: 2%
Magic:  5/9        EV: 12    Int: 18    God:
Gold:   167        SH:  0    Dex: 11    Spells: 1 memorised, 9 levels left

rFire  . . .     SeeInvis .     n - +1 dagger (elec)
rCold  . . .     Gourm    .     (armour unavailable)
rNeg   . . .     Faith    .     (no shield)
rPois  .         Spirit   .     a - +0 hat
rElec  .         Dismiss  .     (no cloak)
rCorr  .         Reflect  .     (no gloves)
SustAt .         Harm     .     (no boots)
MR     .....                    (no amulet)
Stlth  ++........               (no ring)
                                g - +2 ring of slaying

@: not resistant to hostile enchantments, unstealthy
A: unfitting armour, cold-blooded, AC +5
a: no special abilities


You were on level 3 of the Dungeon.
You were not hungry.

You visited 1 branch of the dungeon, and saw 3 of its levels.

You collected 167 gold pieces.

Inventory:

Hand Weapons
 n - a +1 dagger of electrocution (weapon)
Armour
 a - a +0 hat (worn)
Jewellery
 g - a +2 ring of slaying (left hand)
Scrolls
 d - 2 scrolls of identify
 e - 2 scrolls of remove curse
 i - 2 scrolls of teleportation
Potions
 f - 2 potions of heal wounds {unknown}
 j - a potion of haste
 l - a potion of curing
 m - a potion of brilliance
Books
 b - a book of Minor Magic

   Spells                             Type                      Level
   a - Magic Dart                     Conjuration                  1
   b - Blink                          Translocation                2
   c - Call Imp                       Summoning                    2
   d - Repel Missiles                 Charms/Air                   2
   e - Slow                           Hexes                        2
   f - Conjure Flame                  Conjuration/Fire             3
   g - Mephitic Cloud                 Conjuration/Poison/Air       3
Comestibles
 c - 4 bread rations
 h - 2 meat rations


   Skills:
 - Level 1.7 Dodging
 - Level 1.7 Stealth
 + Level 4.7 Unarmed Combat
 - Level 3.0 Spellcasting
 - Level 1.0 Conjurations
   Level 1.0 Summonings
   Level 1.0 Translocations


You had 9 spell levels left.
You knew the following spells:

 Your Spells              Type           Power        Failure   Level  Hunger
z - Magic Dart            Conj           #...         12%         1    None


Dungeon Overview and Level Annotations

Branches:
Dungeon (3/15)

Altars:
Sif Muna
Yredelemnul


Innate Abilities, Weirdness & Mutations

Your plain brown scales are hard (AC +5).
Your body does not fit into most forms of armour.
You are cold-blooded and may be slowed by cold attacks.


Message History

You hit the orc warrior but do no damage.
The orc warrior is lightly wounded.
The orc warrior misses you.
You hit the orc warrior.
There is a sudden explosion of sparks!
The orc warrior is severely wounded.
The orc shouts!
You hit the orc warrior but do no damage.
The orc warrior is severely wounded.
The orc warrior hits you but does no damage.
You hit the orc warrior.
The orc warrior is almost dead.
The orc warrior hits you with a mace!
You closely miss the orc warrior.
You tail-slap the orc warrior, but do no damage.
The orc warrior is almost dead.
The orc warrior hits you but does no damage.
You barely miss the orc warrior.
The orc warrior is almost dead.
The orc warrior hits you with a mace!
You die...

##.###.# #.# #####.## #.# #.#
#.....# .# #.# ## #.##..# #
##.######### .# # ##.#.#
##......o.... .# #.#..##...#
#.......#### .# #.#.###..#
##...#..# .#
#........######..##..# .#
###.####...@ooo......# . .# #.#
########..###.# #. .# #.#
#..###.# #. .## #[# ##......# ..
..# #.#### ##.....### ##. #.#
#....## ##.......## ##..
#.########...####.........#.##†..
................'..(......'......
#.########...####.........#.##...


You could see an orc warrior and 2 orcs.

Vanquished Creatures
  5 adders
  A shadow imp (D:3)
  A worm (D:1)
  4 giant geckos (D:1)
  5 orcs
  2 ball pythons (D:1)
  7 bats
  2 giant cockroaches
  9 hobgoblins
  5 jackals
  8 kobolds
  2 giant newts (D:3)
  16 goblins
  8 rats
75 creatures vanquished.

Notes
Turn   | Place    | Note
--------------------------------------------------------------
     0 | D:1      | namelastname112 the Draconian Wizard began the quest for the Orb.
     0 | D:1      | Reached XP level 1. HP: 14/14 MP: 4/4
   112 | D:1      | Reached skill level 1 in Unarmed Combat
   137 | D:1      | Reached XP level 2. HP: 1/20 MP: 1/6
   715 | D:1      | Reached XP level 3. HP: 10/26 MP: 7/7
  2052 | D:2      | Reached XP level 4. HP: 27/33 MP: 2/8
  2452 | D:3      | Reached skill level 4 in Unarmed Combat
  2490 | D:3      | Found a deep blue altar of Sif Muna.
  2490 | D:3      | Found a basalt altar of Yredelemnul.
  2506 | D:3      | Noticed an orc warrior
  3481 | D:3      | Reached XP level 5. HP: 32/38 MP: 3/9
  3579 | D:3      | Slain by an orc warrior

Vault maps used:
D:1:      dpeg_arrival_solitude
D:2:      first_bread, guppyfry_early_orc_mine
D:3:      gammafunk_temple_overflow_statue, corexii_item_surrounded_by_moat

Action                   |  1- 3 |  4- 6 || total
-------------------------+-------+-------++-------
Melee: Unarmed           |   154 |    25 ||   179
       Dagger            |       |    50 ||    50
 Cast: Magic Dart        |    60 |    24 ||    84
  Use: Scroll            |       |     7 ||     7
 Stab: Sleeping          |     1 |     1 ||     2
  Eat: Chunk             |     3 |     5 ||     8
